AoeStats
← RcL_Burn_

Arabian Desert

509172803Analyzed
1v1 RM · 8d ago on Sep 25, 2026· 28m 50s· 2 players
Game mode
Random Map
Map size
Tiny (2 player)
Population
200
Speed
Normal
Resources
Standard
Victory
Conquest
Starting age
Dark Age
Ending age
Imperial Age
RankedLock teamsTeams togetherTeam positionsShared explorationLock speedFull tech treeHidden civsTurbo modeCheats
Victory
Defeat
🇨🇱 Goths · Chile
1338
+33
🇮🇳 Varangians · India
1314
-15
Yodha
3:42 Loom
5:57 Loom
9:10 Feudal Age
10:08 Double-Bit Axe
17:53 Fletching
18:05 Padded Archer Armor
21:19 Horse Collar
24:32 Castle Age
24:17 Scale Barding Armor
24:23 Forging
25:52 Wheelbarrow
25:00 Horse Collar
25:57 Bloodlines
27:38 Husbandry
29:50 Iron Casting
RcL_Burn_
1:49 Loom
9:15 Feudal Age
9:35 Man-at-Arms
10:03 Double-Bit Axe
13:24 Wheelbarrow
14:00 Scale Mail Armor
15:20 Horse Collar
16:08 Forging
16:30 Town Watch
21:59 Castle Age
20:05 Stone Mining
20:06 Gold Mining
22:57 Chain Mail Armor
22:43 Squires
22:55 Bow Saw
28:15 Iron Casting
Connection lost

Rejoining the realm…

Still unreachable

The connection could not be restored.

Session expired

The server has moved on; the page needs a fresh start.